AoeStats
← DiaperMoogletism

Arabia

510675180Analyzed
1v1 RM · 2d ago on Oct 2, 2026· 27m 41s· 2 players
Game mode
Random Map
Map size
Tiny (2 player)
Population
200
Speed
Normal
Resources
Standard
Victory
Conquest
Starting age
Dark Age
Ending age
Imperial Age
RankedLock teamsTeams togetherTeam positionsShared explorationLock speedFull tech treeHidden civsTurbo modeCheats
Victory
Defeat
🇺🇸 Hindustanis · United States
615
+12
🇨🇴 Vietnamese · Colombia
537
-12
FearsomeBadge81
0:28 Loom
11:19 Feudal Age
12:47 Double-Bit Axe
12:45 Horse Collar
13:53 Wheelbarrow
13:03 Town Watch
20:42 Castle Age
18:59 Arson
19:38 Stone Mining
19:41 Gold Mining
20:13 Bloodlines
21:33 Heavy Plow
21:47 Bow Saw
22:39 Hand Cart
23:23 Forging
25:26 Fletching
25:43 Scale Barding Armor
25:39 Scale Mail Armor
25:40 Padded Archer Armor
26:21 Town Patrol
DiaperMoogletism
0:40 Loom
11:39 Feudal Age
18:07 Castle Age
16:02 Double-Bit Axe
16:23 Horse Collar
18:23 Wheelbarrow
17:47 Fletching
17:57 Padded Archer Armor
21:36 Scale Mail Armor
26:54 Forging
Connection lost

Rejoining the realm…

Still unreachable

The connection could not be restored.

Session expired

The server has moved on; the page needs a fresh start.